 Dungeon Crawl Stone Soup version bcrawl-1.37.1 (webtiles) character file.

Game seed: 16238507296156602307

127046 Morbidden the Sneak (level 3, -3/21 HPs)
             Began as a Skeleton Archaeologist on Oct 23, 2022.
             Slain by Sigmund
             ... wielding a +0 scythe
              (5 damage)
             ... on level 3 of the Dungeon.
             The game lasted 00:02:27 (1377 turns).

Morbidden the Sneak (Skeleton Archaeologist)        Turns: 1377, Time: 00:02:28

Health: -3/21      AC:  6    Str: 16 (17) XL:     3   Next: 71%
Magic:  0/4        EV: 13    Int: 13      God:
Gold:   197        SH:  0    Dex: 14      Spells: 4/4 levels left

rFire    . . .     GDR:     27% a - +0 whip
rCold    + . .     SeeInvis .   (no shield)
rNeg     + + +     Gourm    .   c - +1 robe
rPois    ∞         Faith    .   d - +1 hat
rElec    .         Spirit   +   (no cloak)
rCorr    .         Reflect  .   (no gloves)
MR       .....                  e - +1 pair of boots
Stlth    ..........             (no amulet)
HPRegen  0.13/turn              o - ring of Ninir {*Corrode Dex+7 Stlth--}
MPRegen  0.09/turn              (no ring)

@: no status effects
A: no food or potions, cold resistance 1, deterioration 1, negative energy
resistance 3, torment resistance, unbreathing, magic shield, sturdy frame 1,
spell healing
a: no special abilities


You were on level 3 of the Dungeon.
You were not hungry.

You visited 1 branch of the dungeon, and saw 3 of its levels.

You collected 197 gold pieces.

Inventory:

Hand Weapons
 a - a +0 whip (weapon)
 b - a +0 blowgun
Missiles
 f - 6 curare-tipped needles
 j - 100 poisoned tomahawks (quivered)
Armour
 c - a +1 robe (worn)
 d - a +1 hat (worn)
 e - a +1 pair of boots (worn)
Jewellery
 o - the ring of Ninir (left hand) {*Corrode Dex+7 Stlth--}
   (You found it on level 2 of the Dungeon)

   [ring of attention]

   It affects your dexterity (+7).
   It may corrode you when you take damage.
   It makes you much less stealthy.
Scrolls
 g - a scroll of magic mapping
 i - a scroll of identify
 k - a scroll of fear {unknown}
 l - 3 scrolls of immolation {unknown}
 m - 2 scrolls of enchant armour {unknown}
 n - 2 scrolls of remove curse {unknown}
Miscellaneous
 h - a dusty tome


   Skills:
 * Level 1.7 Fighting
 * Level 2.2 Maces & Flails
 * Level 0.9 Armour
 * Level 3.5 Dodging
 + Level 3.9 Stealth
 * Level 1.0 Spellcasting


You had 4 spell levels left.
You didn't know any spells.
Your spell library was empty.

Dungeon Overview and Level Annotations

Branches:
Dungeon (3/12)

Altars:

Annotations:
D:3 Sigmund


Innate Abilities, Weirdness & Mutations

You do not eat or drink.
You are immune to poison.
Your flesh is cold resistant. (rC+)
Your body sometimes deteriorates upon taking damage.
You are immune to negative energy. (rN+++)
You are immune to unholy pain and torment.
You can survive without breathing.
When hurt, damage is shared between your health and your magic reserves.
Your movements are slightly less encumbered by armour. (ER -2)
Casting spells heals you.


Message History

Sigmund is poisoned.
Sigmund is almost dead.
Sigmund barely misses you.
Throwing (i - inventory)
j - 102 poisoned tomahawks (quivered)
Press: ? - help, Shift-Dir - straight line, f/p - Sigmund
Aim: Sigmund, wielding a +0 scythe and wearing a +0 robe (almost dead, poisoned)
You throw a poisoned tomahawk.
The poisoned tomahawk hits Sigmund but does no damage.
Sigmund looks more poisoned.
Sigmund is almost dead.
Sigmund hits you from afar with a +0 scythe!
* * * LOW HITPOINT WARNING * * *
No path to travel!
Throwing (i - inventory)
j - 101 poisoned tomahawks (quivered)
Press: ? - help, Shift-Dir - straight line, f/p - Sigmund
Aim: Sigmund, wielding a +0 scythe and wearing a +0 robe (almost dead, poisoned)
You throw a poisoned tomahawk.
The poisoned tomahawk closely misses Sigmund.
Sigmund hits you from afar with a +0 scythe.
You die...

#####
##...##
##.....##
##......(##
#......@..#
+.........+
#....@..<.#
##.......##
##.....##
##...##
##'## #.#
#.#


You could see Sigmund.

Vanquished Creatures
  A gnoll (D:2)
  A worm (D:1)
  3 leopard geckos
  5 bats
  A giant cockroach (D:1)
  4 goblins
  5 hobgoblins
  A quokka (D:1)
  6 frilled lizards
  8 kobolds
  2 rats (D:1)
37 creatures vanquished.

Notes
Turn   | Place    | Note
-------+----------+-------------------------------------------
     0 | D:1      | Morbidden the Skeleton Archaeologist began the quest for
                  | the Orb.
     0 | D:1      | Reached XP level 1. HP: 12/12 MP: 1/1
    95 | D:1      | Reached XP level 2. HP: 16/16 MP: 2/2
   643 | D:1      | Reached XP level 3. HP: 20/20 MP: 3/3
  1057 | D:2      | Got a brightly glowing ivory ring
  1058 | D:2      | Identified the ring of Ninir {*Corrode Dex+7 Stlth--} (You
                  | found it on level 2 of the Dungeon)
  1100 | D:2      | Reached skill level 1 in Spellcasting
  1162 | D:2      | Found a faded altar of an unknown god.
  1320 | D:3      | Noticed Sigmund
  1377 | D:3      | Slain by Sigmund

Skill      XL: |  1  2  3 |
---------------+----------+-----
Maces & Flails | 2 |  2.2
Spellcasting   | 1 |  1.0
Fighting       | |  1.7
Armour         | |  0.9
Dodging        | |  3.5
Stealth        | |  3.9

Action                   || total
-------------------------++-------
Melee: Whip              ||   155
Throw: Tomahawk          ||    26
  Use: Scroll            ||     1
 Stab: Sleeping          ||     4
Armor: Robe              ||    57
Dodge: Dodged            ||   120
